AoeStats
← mizacory

Black Forest

510230057Analyzed
2v2 RM · 3d ago on Sep 30, 2026· 45m 43s· 4 players
Game mode
Random Map
Map size
Medium (4 player)
Population
200
Speed
Normal
Resources
Standard
Victory
Conquest
Starting age
Dark Age
Ending age
Imperial Age
RankedLock teamsTeams togetherTeam positionsShared explorationLock speedFull tech treeHidden civsTurbo modeCheats
Victory
Defeat
🇧🇷 Khmer · Brazil
962
+16
🇺🇸 Ethiopians · United States
925
+18
🇲🇽 Lithuanians · Mexico
985
-18
🇲🇽 Varangians · Mexico
949
-16
weirstt
mizacory
1:18 Loom
12:39 Feudal Age
17:42 Castle Age
16:44 Stone Mining
19:12 Wheelbarrow
18:57 Double-Bit Axe
19:33 Fletching
21:37 Bow Saw
21:29 Horse Collar
28:51 Scale Barding Armor
28:57 Forging
28:43 Bodkin Arrow
28:48 Padded Archer Armor
31:52 Imperial Age
29:31 Treadmill Crane
29:49 Gold Mining
30:54 Ballistics
30:54 Scale Barding Armor
30:59 Forging
31:22 Heavy Plow
31:49 Murder Holes
32:20 Pikeman
34:16 Two-Man Saw
34:55 Chemistry
35:07 Conscription
34:36 Halberdier
34:54 Elite Skirmisher
36:29 Fortified Wall
37:26 Masonry
38:22 Scale Mail Armor
41:11 Thumb Ring
41:20 Squires
41:05 Arson
41:45 Chain Mail Armor
41:40 Forging
41:26 Bodkin Arrow
44:50 Stone Shaft Mining
43:43 Elite Leitis
45:06 Hoardings
45:23 Chain Barding Armor
45:05 Padded Archer Armor
45:43 Iron Casting
SadPlay
0:31 Loom
13:31 Feudal Age
14:01 Fishing Lines
14:09 Double-Bit Axe
19:34 Castle Age
18:59 Gold Mining
18:52 Horse Collar
19:36 Stone Mining
23:21 Wheelbarrow
23:07 Gillnets
24:34 Bow Saw
28:32 Imperial Age
29:11 Ballistics
28:46 Murder Holes
29:55 Stone Shaft Mining
29:23 Padded Archer Armor
29:14 Fletching
31:32 Chemistry
31:35 Siege Engineers
33:34 Fortified Wall
35:00 Two-Man Saw
34:09 Thumb Ring
33:24 Crossbowman
34:40 Scale Barding Armor
34:35 Scale Mail Armor
34:45 Forging
34:31 Bodkin Arrow
34:52 Leather Archer Armor
34:45 Squires
34:05 Halberdier
35:51 Chain Barding Armor
35:57 Conscription
35:42 Royal Heirs
36:57 Hand Cart
36:30 Town Watch
37:32 Caravan
36:58 Arbalester
38:34 Gold Shaft Mining
39:52 Ring Archer Armor
39:22 Bracer
39:58 Iron Casting
39:38 Chain Mail Armor
41:06 Torsion Engines
41:15 Town Patrol
41:30 Elite Shotel Warrior
42:38 Capped Ram
43:12 Onager
45:12 Plate Mail Armor
44:14 Siege Ram
Caio Pai
0:44 Loom
15:31 Feudal Age
19:24 Castle Age
17:16 Double-Bit Axe
17:40 Horse Collar
18:15 Fishing Lines
19:35 Wheelbarrow
20:42 Bow Saw
22:16 Gold Mining
25:21 Pikeman
26:33 Heavy Plow
26:28 Stone Mining
30:36 Hand Cart
30:06 Town Watch
32:55 Imperial Age
31:24 Gold Shaft Mining
32:45 Stone Shaft Mining
32:33 Tusk Swords
33:49 Halberdier
34:52 Conscription
34:36 Double Crossbow
36:43 Chemistry
35:54 Masonry
36:51 Caravan
37:45 Gillnets
37:17 Elite Ballista Elephant
37:38 Heavy Scorpion
40:08 Scale Barding Armor
40:03 Scale Mail Armor
40:03 Padded Archer Armor
39:54 Fletching
40:14 Forging
41:08 Ballistics
41:18 Architecture
40:54 Siege Engineers
40:34 Cavalier
41:14 Husbandry
45:07 Murder Holes
45:34 Chain Barding Armor
45:30 Chain Mail Armor
45:30 Leather Archer Armor
45:10 Bodkin Arrow
45:51 Iron Casting
Connection lost

Rejoining the realm…

Still unreachable

The connection could not be restored.

Session expired

The server has moved on; the page needs a fresh start.